 Dungeon Crawl Stone Soup version 0.29.1-13-g9f3cf754e1 (webtiles) character file.

Game seed: 10000426407547145521

99 Exodus22XD the Trooper (level 4, 41/41 HPs)
             Began as a Minotaur Fighter on Feb 3, 2023.
             Was a Follower of Kikubaaqudgha.
             Quit the game on level 1 of the Dungeon.
             The game lasted 00:01:23 (1839 turns).

Exodus22XD the Trooper (Minotaur Fighter)           Turns: 1839, Time: 00:01:24

Health: 41/41      AC:  8    Str: 23    XL:     4   Next: 45%
Magic:  3/3        EV:  9    Int:  5    God:    Kikubaaqudgha [*.....]
Gold:   101        SH:  4    Dex:  9    Spells: 3/3 levels left

rFire   . . .      SeeInvis .   a - +0 war axe
rCold   . . .      Faith    .   c - +0 buckler
rNeg    . . .      Spirit   .   b - +0 scale mail
rPois   .          Reflect  .   (helmet restricted)
rElec   .          Harm     .   j - +0 cloak
rCorr   .          Rampage  .   (no gloves)
Will    .....                   (no boots)
Stlth   ..........              (no amulet)
HPRegen 0.13/turn               (no ring)
MPRegen 0.08/turn               (no ring)

@: no status effects
A: horns 2, retaliatory headbutt
a: Renounce Religion, Unearth Wretches


You were on level 1 of the Dungeon.
You worshipped Kikubaaqudgha.
Kikubaaqudgha was aware of your devotion.
You visited 1 branch of the dungeon, and saw 2 of its levels.

You collected 101 gold pieces.

Inventory:

Hand Weapons
 a - a +0 war axe (weapon)
Armour
 b - a +0 scale mail (worn)
 c - a +0 buckler (worn)
 j - a +0 cloak (worn)
 m - the +2 ring mail of Eternal Vigilance {rF+ Dex+4}
   (You found it on level 2 of the Dungeon)

   Dex:       It affects your dexterity (+4).
   rF:        It protects you from fire.
Scrolls
 e - a scroll of poison {unknown}
 g - a scroll of amnesia {unknown}
 k - 2 scrolls of summoning {unknown}
 n - a scroll of identify {unknown}
 o - a scroll of fog {unknown}
 p - a scroll of vulnerability {unknown}
 q - a scroll of immolation {unknown}
Potions
 d - a potion of might
 f - 2 potions of curing {unknown}
 h - a potion of flight {unknown}
 i - a potion of cancellation {unknown}
 l - a potion of heal wounds {unknown}


   Skills:
 + Level 4.4 Fighting
 + Level 3.9 Axes
 + Level 4.4 Armour
 + Level 4.2 Shields


You had 3 spell levels left.
You didn't know any spells.
Your spell library contained the following spells:

 Spells                   Type           Power      Damage    Failure   Level
 Necrotise                Necr           0%         1d4       86%         1
 Sublimation of Blood     Necr           0%         N/A       95%         2
 Anguish                  Hex/Necr       0%         N/A       100%        4
 Animate Dead             Necr           0%         N/A       100%        4


Dungeon Overview and Level Annotations

Branches:
Dungeon (2/15)

Altars:
Kikubaaqudgha


Innate Abilities, Weirdness & Mutations

You have a pair of horns on your head.
You reflexively headbutt those who attack you in melee.


Message History

a +0 dagger of speed; a +0 sling; 2 stones
There is an open door here.
There is an open door here.
A kobold comes into view. It is wielding a +0 dagger.
The kobold shouts!
The kobold closely misses you.
There is an open door here.
A kobold is nearby!
A kobold is nearby!
You slash the kobold!
You kill the kobold!
No target in view!
There is an open door here.
Found a stone staircase leading down.
No target in view!
Done exploring.
No target in view!
Done exploring.
No target in view!
No target in view!
Search for what [? for help]? alt
There is an open door here.
You see here a ball python corpse.
There is a stone staircase leading up here.
You climb upwards.
There is a stone staircase leading down here.
There is a faded altar of an unknown god here.
You cannot tell which god this altar belongs to.
Convert to them anyway? [Y]es or [N]o only, please.
You cannot tell which god this altar belongs to.
Convert to them anyway?
Kikubaaqudgha accepts your prayer! Kikubaaqudgha welcomes you!
You can now bring forth the wretched and dying.
Kikubaaqudgha grants you a gift!
You add the spells Necrotise, Sublimation of Blood, Anguish and Animate Dead to your library.
Unknown command.
Press < or > to pray at altars.
Unknown command.
Press < or > to pray at altars.
Are you sure you want to abandon this character and quit the game? (Confirm with "yes".)

#..# #.# #...##### #.#
#..###.####.#.....# #.#
#..##.#..##...###.# #.#
#####..###.#.####.###.# #.#
.......# ###..###.(##.# #.#
.....#.# #............####.#
####...###...♣.♣.♣♣♣♣......#
....#....#.♣♣♣♣♣♣♣♣ ######.#
###....#....♣♣♣♣@.♣♣######.#
..#.#..#..♣.♣....♣.♣.......#
..#......♣♣♣♣♣♣..♣♣♣.....#.#
..#.......♣♣.♣♣♣..♣♣.###>#.#####
..#...##.♣.♣..♣♣..♣♣.....^.....#
..#.####.♣♣♣.♣...♣♣♣......(###.#
..#.# ##..♣.♣♣♣♣♣♣.##.#.### #.#
..#.# ##.♣♣......♣♣#.#.# #)#
..#.# ###....♣...##.#.## #.#


There were no monsters in sight!

Vanquished Creatures
  Natasha (twice) (D:2)
  A worm (D:2)
  3 dart slugs
  5 ball pythons
  4 endoplasms
  A giant cockroach (D:2)
  2 goblins (D:2)
  4 hobgoblins
  2 jackals (D:1)
  2 quokkas (D:2)
  2 bats
  5 frilled lizards
  8 kobolds
  4 rats
45 creatures vanquished.

Notes
Turn   | Place    | Note
-------+----------+-------------------------------------------
     0 | D:1      | Exodus22XD the Minotaur Fighter began the quest for the
                  | Orb.
     0 | D:1      | Reached XP level 1. HP: 19/19 MP: 0/0
    48 | D:1      | Reached XP level 2. HP: 23/27 MP: 1/1
   235 | D:1      | Found a faded altar of an unknown god.
   804 | D:2      | Identified the +2 ring mail of Eternal Vigilance {rF+
                  | Dex+4}
   811 | D:2      | Noticed Natasha
   822 | D:2      | Killed Natasha
   823 | D:2      | Reached XP level 3. HP: 7/33 MP: 2/2
  1232 | D:2      | Noticed Natasha
  1238 | D:2      | Killed Natasha
  1239 | D:2      | Reached XP level 4. HP: 26/41 MP: 3/3
  1838 | D:1      | Prayed at the altar of an unknown god.
  1838 | D:1      | Became a worshipper of Kikubaaqudgha
  1838 | D:1      | Reached * piety under Kikubaaqudgha
  1838 | D:1      | Received a gift from Kikubaaqudgha
  1839 | D:1      | Quit the game

Illustrated notes

Levels and vault maps discovered:
D:1:      wander_arrival_lonely_grave, layout_loops_ring,
          chequers_ecumenical_altar_grove, minivault_25
D:2:      layout_basic, hex_medium, minmay_pentomino_p4, uniq_natasha

Skill      XL: |  1  2 |
---------------+-------+-----
Fighting       | 4 |  4.4
Axes           | 3 |  3.9
Armour         | 4 |  4.4
Shields        | 4 |  4.2

Action                   |  1- 3 |  4- 6 || total
-------------------------+-------+-------++-------
Melee: War axe           |    65 |    32 ||    97
       Headbutt          |     4 |     3 ||     7
Armor: Scale mail        |    23 |    18 ||    41
Dodge: Dodged            |    29 |    13 ||    42
Block: Buckler           |    16 |     4 ||    20
